 Dungeon Crawl Stone Soup version 0.31-a0-267-g3fc6992b3b (webtiles) character file.

Game seed: 14105044071178241852

153 qw the Shooter (level 5, -10/30 HPs)
             Began as a Gargoyle Hexslinger on July 14, 2023.
             Mangled by an ogre
             ... wielding a +0 giant club
              (15 damage)
             ... on level 4 of the Dungeon.
             The game lasted 00:00:47 (2360 turns).

qw the Shooter (Gargoyle Hexslinger)                Turns: 2360, Time: 00:00:47

Health: -10/30     AC:  9    Str: 11    XL:     5   Next: 35%
Magic:  6/6        EV: 10    Int: 14    God:
Gold:   142        SH:  0    Dex: 14    Spells: 5/6 levels left

rFire   . . .        Y - +1 sling (heavy)
rCold   . . .        (no shield)
rNeg    + . .        d - +0 ring mail
rPois   inf          (no helmet)
rElec   +            (no cloak)
rCorr   .            (no gloves)
SInv    .            (no boots)
Will    .....        (no amulet)
Stlth   +            (no ring)
HPRegen 0.25/turn    (no ring)
MPRegen 0.10/turn

%: no passive effects
@: no status effects
A: sickness immunity, AC +4, negative energy resistance 1, electricity
resistance, torment resistance 1, petrification resistance
a: no special abilities


You were on level 4 of the Dungeon.
You visited 1 branch of the dungeon, and saw 4 of its levels.

You collected 142 gold pieces.


Innate Abilities, Weirdness & Mutations

You are immune to sickness and miasma.
Your stone body is resilient. (AC +4)
You are immune to poison.
You resist negative energy. (rN+)
You are resistant to electric shocks. (rElec)
You are resistant to unholy torment.
You are immune to petrification.


   Skills:
 - Level 2.1 Fighting
 + Level 4.9 Ranged Weapons
 - Level 1.0 Armour
 - Level 1.5 Dodging
 - Level 1.0 Spellcasting
 - Level 2.6 Hexes


You had 5 spell levels left.
You knew the following spells:

 Your Spells              Type           Power      Damage    Failure   Level
a - Slow                  Hex            32%        N/A       21%         1

Your spell library contained the following spells:

 Spells                   Type           Power      Damage    Failure   Level
 Inner Flame              Hex/Fire       4%         N/A       71%         3
 Portal Projectile        Hex/Tloc       8%         N/A       71%         3
 Cause Fear               Hex            4%         N/A       90%         4

Inventory:

Hand Weapons
 Y - a +1 heavy sling (weapon)
Armour
 d - a +0 ring mail (worn)
Scrolls
 g - a scroll of enchant armour
Potions
 b - a potion of attraction {unknown}
 c - a potion of lignification {unknown}
 e - 2 potions of curing
 f - a potion of cancellation

Dungeon Overview and Level Annotations

Branches:
Dungeon (4/15)
 Temple: D:4-7

Altars:

Annotations:
D:2 1 runed translucent door, Crazy Yiuf


Message History

The sling bullet hits Natasha but does no damage.
Natasha barely misses you. x2
You shoot a sling bullet. The sling bullet hits Natasha!
Natasha is heavily wounded.
Natasha claws you. Natasha claws you but does no damage.
You shoot a sling bullet.
The sling bullet closely misses Natasha.
Natasha claws you but does no damage. x2
You shoot a sling bullet. The sling bullet hits Natasha.
Natasha is heavily wounded.
Natasha barely misses you. x2
You shoot a sling bullet.
The sling bullet closely misses Natasha.
Natasha barely misses you. Natasha claws you!
You shoot a sling bullet. The sling bullet hits Natasha!
You kill Natasha!
Natasha yowls pathetically as she dies!
You start resting.
HP restored.
You see here the felid corpse of Natasha.
An ogre comes into view. It is wielding a +0 giant club.
The ogre shouts!
Enter note: You shoot a sling bullet.
The sling bullet hits the ogre.
The ogre is lightly wounded.
You shoot a sling bullet.
The sling bullet hits the ogre but does no damage.
You shoot a sling bullet. The sling bullet hits the ogre!
The ogre is heavily wounded.
The ogre hits you with a +0 giant club!!
Ouch! That really hurt!
You shoot a sling bullet. The sling bullet hits the ogre.
The ogre is severely wounded.
The ogre misses you. x2
You shoot a sling bullet.
The sling bullet hits the ogre but does no damage.
The ogre is severely wounded.
The ogre hits you with a +0 giant club!
Ouch! That really hurt!
You die...

########
...#####.......
###
#......@O######.
..#
#######.........
###
#####%########
#.....# #.#####
..#.# #.#.#
#.#.# #.#.#


You could see an ogre.

Vanquished Creatures
  An orc priest (D:3)
  Natasha (twice) (D:4)
  2 adders
  3 worms
  A dart slug (D:2)
  5 orcs (D:3)
  3 ball pythons
  4 bats
  An endoplasm (D:3)
  2 giant cockroaches
  6 goblins
  A hobgoblin (D:2)
  2 jackals (D:1)
  2 quokkas
  3 frilled lizards
  3 kobolds (D:3)
  A rat (D:2)
42 creatures vanquished.

Notes
Turn   | Place    | Note
-------+----------+-------------------------------------------
     0 | D:1      | qw the Gargoyle Hexslinger began the quest for the Orb.
     0 | D:1      | Reached XP level 1. HP: 12/12 MP: 2/2
     0 | D:1      | 0 ||| qw: Version: 0.3-a-52-g30416fa
     0 | D:1      | 0 ||| qw: Game counter: 7856
     0 | D:1      | 0 ||| qw: Melee chars always use a shield: true
     0 | D:1      | 0 ||| qw: God list: Okawaru
     0 | D:1      | 0 ||| qw: Allow faded altars: false
     0 | D:1      | 0 ||| qw: Do Orc after clearing Dungeon:15 true
     0 | D:1      | 0 ||| qw: Do second Lair branch before Depths: true
     0 | D:1      | 0 ||| qw: Lair rune preference: random
     0 | D:1      | 0 ||| qw: Goals: Normal
     0 | D:1      | 0 ||| PLANNING D:1-11
   586 | D:1      | Reached XP level 2. HP: 16/16 MP: 3/3
   784 | D:1      | 784 ||| UPGRADING to +0 ring mail.
   794 | D:1      | 794 ||| DROPPING +0 robe.
   795 | D:1      | 795 ||| READING scroll labelled OROTORCHAUX.
   796 | D:1      | 796 ||| READING scroll labelled WIAQAA UKEN.
   800 | D:1      | 800 ||| DRINKING 2 purple potions.
   801 | D:1      | 801 ||| DROPPING scroll of poison.
   865 | D:2      | Reached skill level 3 in Ranged Weapons
   969 | D:2      | Reached XP level 3. HP: 21/21 MP: 4/4
  1276 | D:2      | Found a runed translucent door.
  1277 | D:2      | Noticed Crazy Yiuf
  1413 | D:2      | 1413 ||| READING scroll labelled POPTUE XAGUMN.
  1514 | D:2      | 1514 ||| READING scroll labelled UPTOT JEDI.
  1515 | D:2      | 1515 ||| DRINKING 3 fizzy purple potions.
  1586 | D:3      | HP: 5/21 [orc/+0 mace (3)]
  1587 | D:3      | 1587 ||| READING scroll of teleportation.
  1589 | D:3      | Reached skill level 4 in Ranged Weapons
  1589 | D:3      | Reached XP level 4. HP: 4/26 MP: 5/5
  1596 | D:3      | HP: 4/26 [frozen (2)]
  1821 | D:3      | Reached skill level 1 in Armour
  2093 | D:3      | 2093 ||| READING scroll labelled AFAUV ILUPN.
  2212 | D:4      | Noticed Natasha
  2218 | D:4      | Killed Natasha
  2219 | D:4      | Reached XP level 5. HP: 22/30 MP: 6/6
  2307 | D:4      | Noticed Natasha
  2315 | D:4      | Killed Natasha
  2355 | D:4      | Noticed an ogre
  2358 | D:4      | HP: 4/30 [ogre/+0 giant club (26)]
  2360 | D:4      | Mangled by an ogre

Levels and vault maps discovered:
D:1:      lightli_arrival_flooded_house, layout_loops_corners
D:2:      layout_basic, uniq_crazy_yiuf_cottage
D:3:      layout_rooms
D:4:      layout_loops_ring, kennysheep_mini, minmay_temple_entry_nine_rooms,
          nicolae_shop_clearance, uniq_natasha

Skill      XL: |  1  2  3  4 |
---------------+-------------+-----
Ranged Weapons | 3 4 |  4.9
Fighting       | 2 |  2.1
Armour         | 1 |  1.0
Dodging        | |  1.5
Spellcasting   | |  1.0
Hexes          | |  2.6

Action                     |  1- 3 |  4- 6 || total
---------------------------+-------+-------++-------
   Fire: Sling             |    88 |    90 ||   178
    Use: Scroll            |     5 |     1 ||     6
         Potion            |     2 |       ||     2
 Armour: Ring mail         |    32 |    36 ||    68
  Dodge: Dodged            |    27 |    44 ||    71

Table legend:
 A = Non-vault XP
 B = Vault XP
 C = Vault XP percentage of total XP
 D = Non-vault monster count
 E = Vault monster count
 F = Vault count percentage of total count
                 A         B        C        D         E       F
            +---------+---------+-------+---------+---------+-------
      Total |     183 |      36 |  16.4 |      41 |       1 |   2.4
            +---------+---------+-------+---------+---------+-------
        D:1 |      11 |       0 |   0.0 |       6 |       0 |   0.0
        D:2 |      41 |       0 |   0.0 |      13 |       0 |   0.0
        D:3 |      80 |       0 |   0.0 |      19 |       0 |   0.0
        D:4 |      51 |      36 |  41.4 |       3 |       1 |  25.0
            +---------+---------+-------+---------+---------+-------
